 Dungeon Crawl Stone Soup version 0.23.0-3-gf3c87f2 (webtiles) character file.

Game seed: 772309522916969557

1201 Lanoc the Slasher (level 8, -2/57 HPs)
             Began as an Octopode Monk on Feb 21, 2019.
             Was an Initiate of Ru.
             Slain by an ogre
             ... wielding a cursed -1 giant club
              (23 damage)
             ... on level 6 of the Dungeon.
             The game lasted 00:13:59 (5148 turns).

Lanoc the Slasher (Octopode Monk)                   Turns: 5148, Time: 00:14:01

Health: -2/57      AC:  1    Str: 11    XL:     8   Next: 44%
Magic:  8/8        EV: 16    Int: 12    God:    Ru [......]
Gold:   368        SH:  0    Dex: 14    Spells: 7/7 levels left

rFire    . . .     SeeInvis .   a - +1 falchion
rCold    . . .     Gourm    .   (no shield)
rNeg     + . .     Faith    +   (helmet restricted)
rPois    .         Spirit   .   f - amulet of faith
rElec    .         Reflect  .   k - ring of positive energy
rCorr    .         Harm     .   (no ring)
MR       .....                  (no ring)
Stlth    +++.......             (no ring)
HPRegen  0.19/turn              (no ring)
MPRegen  0.11/turn              (no ring)
                                (no ring)
                                (no ring)

@: no status effects
A: almost no armour, stealthy swim, amphibious, 8 rings, constrict 8, camouflage
1, weak 1, gelatinous body 1
a: Renounce Religion


You were on level 6 of the Dungeon.
You worshipped Ru.
Ru was noncommittal.
You were not hungry.

You visited 2 branches of the dungeon, and saw 7 of its levels.
You also visited: Sewer.

You collected 368 gold pieces.

Inventory:

Hand Weapons
 a - a +1 falchion (weapon)
Jewellery
 f - an amulet of faith (around mantle)
 k - a ring of positive energy (left tentacle)
Scrolls
 d - 3 scrolls of remove curse
 e - 4 scrolls of teleportation
 g - 2 scrolls of fog
 i - a scroll of enchant armour
 o - 2 scrolls of enchant weapon
Potions
 c - a potion of heal wounds
 h - 2 potions of haste
 j - a potion of ambrosia
 l - 4 potions of flight
 m - a potion of resistance
 n - a potion of magic
Comestibles
 b - 11 rations


   Skills:
 + Level 5.8 Fighting
 * Level 7.6 Long Blades
 + Level 5.7 Dodging
 - Level 2.6 Stealth


You had 7 spell levels left.
You didn't know any spells.
Your spell library was empty.

Dungeon Overview and Level Annotations

Branches:
Dungeon (6/15)             Temple (1/1) D:4

Altars:
Dithmenos
Elyvilon
Fedhas
Gozag
Hepliaklqana
Kikubaaqudgha
Makhleb
Nemelex Xobeh
Okawaru
Qazlal
Ru
Sif Muna
Trog
Uskayaw
Wu Jian
Xom
Yredelemnul
Zin
The Shining One

Shops:
D:5 (


Innate Abilities, Weirdness & Mutations

You cannot wear most types of armour.
You are very stealthy in the water. (Stealth+)
You are amphibious.
You can wear up to eight rings at the same time.
You can use your tentacles to constrict eight enemies at once.
Your skin changes colour to match your surroundings (Stealth+).
You are weak. (Str -2)
Your rubbery body absorbs attacks. (AC +1, EV +1)


Message History

The ogre shouts!
You hit the ogre but do no damage. Your squeeze misses the ogre.
The ogre hits you with a cursed -1 giant club!!
You hit the ogre.
The ogre is lightly wounded.
The ogre barely misses you.
You closely miss the ogre.
The ogre is lightly wounded.
A worm comes into view.
The ogre hits you with a cursed -1 giant club!
You are too injured to fight recklessly!
You hit the ogre. Your squeeze misses the ogre.
The ogre is moderately wounded.
You hit the ogre.
The ogre is moderately wounded.
The ogre misses you.
You slash the ogre!
The ogre is heavily wounded.
The ogre hits you with a cursed -1 giant club!!
You die...

.... .... ##.. ..w#
.... ...# # # #.
#.. ##8# #8## #.
#.. ##8... ...8##.
#.####..$. /...###
#O..#>.... ...._#.
##@..##..?. ....##.
#...###8.. ..8###
#.#..# #.
#.#..#############.
#.#...........##...
..#.........#.##..#
.##.........#......
.#
#................ .
#.........#......


You could see an ogre and a worm.

Vanquished Creatures
  Grinder (D:4)
  A sky beast (D:5)
  2 bullfrogs
  A howler monkey (D:4)
  A crimson imp (D:5)
  3 hounds
  An orc priest (D:3)
  A bullfrog skeleton (D:4)
  An orc wizard (D:4)
  3 worker ants (D:5)
  2 iguanas (D:5)
  2 merfolk sirens (Sewer)
  A merfolk avatar (Sewer)
  A howler monkey skeleton (D:4)
  5 gnolls
  5 adders
  4 river rats
  4 oozes
  8 worms
  4 leopard geckos
  9 orcs
  13 ball pythons
  4 giant cockroaches
  9 goblins
  11 hobgoblins
  18 jackals
  3 quokkas (D:4)
  10 bats
  13 frilled lizards
  A giant cockroach zombie (D:5)
  8 kobolds
  A leopard gecko skeleton (D:6)
  A quokka skeleton (D:5)
  32 rats
184 creatures vanquished.

Notes
Turn   | Place    | Note
-------+----------+-------------------------------------------
     0 | D:1      | Lanoc the Octopode Monk began the quest for the Orb.
     0 | D:1      | Reached XP level 1. HP: 16/16 MP: 1/1
    47 | D:1      | Reached XP level 2. HP: 20/21 MP: 2/2
   391 | D:1      | Reached XP level 3. HP: 26/26 MP: 3/3
  1363 | D:2      | Reached skill level 4 in Long Blades
  1375 | D:2      | Reached XP level 4. HP: 17/31 MP: 4/4
  2127 | D:3      | Reached XP level 5. HP: 31/37 MP: 5/5
  2948 | D:4      | Reached skill level 5 in Long Blades
  2952 | D:4      | Reached XP level 6. HP: 42/43 MP: 6/6
  3004 | D:4      | Found a glowing drain.
  3015 | Sewer    | Entered a sewer
  3756 | D:4      | Reached XP level 7. HP: 49/49 MP: 7/7
  3834 | D:4      | Found a staircase to the Ecumenical Temple.
  3859 | Temple   | Entered the Ecumenical Temple
  3933 | Temple   | Became a worshipper of Ru the Awakened
  3949 | D:4      | Gained mutation: You are weak. (Str -2) [Ru sacrifice]
  3969 | D:4      | Noticed Grinder
  3974 | D:4      | Reached skill level 6 in Long Blades
  3975 | D:4      | Paralysed by Grinder for 5 turns
  3988 | D:4      | Killed Grinder
  3988 | D:4      | Reached skill level 5 in Fighting
  3988 | D:4      | Reached skill level 5 in Dodging
  4138 | D:4      | Found an iron altar of Okawaru.
  4409 | D:4      | Reached XP level 8. HP: 52/55 MP: 8/8
  4412 | D:4      | Found an ancient bone altar of Kikubaaqudgha.
  4416 | D:4      | Found a basalt altar of Yredelemnul.
  4421 | D:4      | Found a shimmering altar of Xom.
  4479 | D:5      | Entered Level 5 of the Dungeon
  4492 | D:5      | Reached skill level 7 in Long Blades
  4664 | D:5      | Found a deep blue altar of Sif Muna.
  4898 | D:5      | Found Vydidibb's Weapon Boutique.
  5111 | D:6      | Found a burning altar of Makhleb.
  5148 | D:6      | Slain by an ogre

Skill      XL: |  1  2  3  4  5  6  7  8 |
---------------+-------------------------+-----
Long Blades    | 4 5 6 7 |  7.6
Fighting       | 4 5 |  5.8
Dodging        | 4 5 |  5.7
Stealth        | |  2.6

Action                   |  1- 3 |  4- 6 |  7- 9 || total
-------------------------+-------+-------+-------++-------
Melee: Falchion          |    74 |   179 |   108 ||   361
       Tentacles         |    17 |    44 |    26 ||    87
       Constrict         |    25 |    52 |    30 ||   107
Invok: Sacrifice Purity  |       |       |     1 ||     1
  Use: Scroll            |       |    11 |     3 ||    14
       Potion            |       |       |     2 ||     2
 Stab: Sleeping          |    11 |    20 |     5 ||    36
       Distracted        |       |       |     1 ||     1
  Eat: Chunk             |     1 |     8 |     5 ||    14
Armor: Skin              |     9 |    10 |     2 ||    21
Dodge: Dodged            |    49 |   112 |    85 ||   246
       Rpst.: Falchion   |    18 |    27 |    16 ||    61
